 Dungeon Sprint DCSS version 0.17-a0-1635-gd4e48f1 (webtiles) character file.

1231 Kidiri the Blocker (level 8, -14/46 HPs)
             Began as a Gargoyle Fighter on Aug 4, 2015.
             Was a Follower of Okawaru.
             Demolished by a hill giant
             ... wielding a +0 giant club
              (19 damage)
             ... in the Dungeon (Sprint III: "The Ten Rune Challenge").
             The game lasted 00:07:19 (2370 turns).

Kidiri the Blocker (Gargoyle Fighter)               Turns: 2370, Time: 00:07:19

Health: -14/46     AC: 21    Str: 26    XL:     8   Next: 48%
Magic:  10/10      EV:  9    Int:  9    God:    Okawaru [*.....]
Gold:   25         SH: 13    Dex: 10    Spells: 0 memorised, 7 levels left

rFire  . . .     SeeInvis .     a - +0 flail
rCold  . . .     Rnd*Rage +     e - +0 plate armour
rNeg   + . .     SustAt   .     c - +0 shield
rPois  ∞         Gourm    .     (helmet restricted)
rElec  +         Spirit   .     (no cloak)
rCorr  .         Warding  .     (no gloves)
rMut   .         NoTele   +     (no boots)
MR     .....                    (no amulet)
Stlth  ..........               (no ring)
                                (no ring)

@: mighty, not resistant to hostile enchantments, extremely unstealthy
A: antennae 1, molten scales 1, thin skeletal structure 1, berserk 1, clumsy 1,
negative energy resistance 1, electricity resistance, wild magic 1, unbreathing,
petrification resistance, rot immunity, AC +5
a: Heroism, Renounce Religion


You were in the Dungeon.
You worshipped Okawaru.
Okawaru was aware of your devotion.
You were not hungry.

You visited 1 branch You collected 25 gold pieces.

Inventory:

Hand weapons
 a - a +0 flail (weapon)
Armour
 b - a +0 scale mail
 c - a +0 shield (worn)
 e - a +0 plate armour (worn)
Magical devices
 m - a wand of enslavement (0)
Scrolls
 l - 2 scrolls of identify {unknown}
 n - a scroll of holy word {unknown}
 o - a scroll of fog {unknown}
 p - 2 scrolls of remove curse
 s - a scroll of torment {unknown}
 t - a scroll of recharging {unknown}
Potions
 d - a potion of might
 i - 2 potions of magic
 r - 4 potions of cure mutation
Comestibles
 q - 3 royal jellies


   Skills:
 - Level 3.2 Fighting
 + Level 7.7 Maces & Flails
 * Level 11.6 Armour
 + Level 5.9 Dodging
 * Level 11.7 Shields
 + Level 3.1 Invocations


You had 7 spell levels left.
You didn't know any spells.

Dungeon Overview and Level Annotations

Branches:
Dungeon (1/1)

Altars:
Cheibriados
Dithmenos
Elyvilon
Fedhas
Gozag
Kikubaaqudgha
Makhleb
Nemelex Xobeh
Okawaru
Qazlal
Ru
Sif Muna
Trog
Vehumet
Xom
Yredelemnul
Zin
The Shining One
Jiyva
Lugonu


Innate Abilities, Weirdness & Mutations

You are resistant to torment.
Your stone body is resilient (AC +5).
You are immune to poison.
You resist negative energy.
You are resistant to electric shocks.
You can survive without breathing.
You are immune to petrification.
You are immune to rotting.
You have a pair of small antennae on your head.
You are partially covered in molten scales (AC +1).
You have a somewhat thin skeletal structure (Dex +2, Stealth).
You tend to lose your temper in combat.
You are clumsy. (Dex -2)
Your spells are a little harder to cast, but a little more powerful.


Message History

The hill giant is lightly wounded.
The hill giant hits you with a giant club!
You hit the hill giant.
The hill giant is lightly wounded.
You sock the hill giant!
The hill giant is moderately wounded.
The hill giant hits you with a giant club!
Your plate armour prevents you from hitting the hill giant.
The hill giant is moderately wounded.
The hill giant hits you with a giant club!
* * * LOW HITPOINT WARNING * * *
Items here: ))))))
There is an open door here.
There is an open door here.
Read which item? (? for menu, Esc to quit)
Okay, then.
Drink which item? (? for menu, Esc to quit)
You feel very mighty all of a sudden.
The hill giant hits you with a giant club!!
You die...

▓▓▓▓▓▓ ▓▓▓ .+...♣♣♣♣
♣.############ .#......♣
♣♣.#___#__.#__# ##....♣.♣
♣..#)..#...#._#
.#....≈♣♣♣♣..###'#'###)##
)#...≈≈♣.♣.♣.#..........#
.#..≈≈≈≈.♣♣..'.⌠@C......#
'#..≈≈≈≈≈≈...#...######'#
.#.≈≈≈≈≈≈....#.⌠.#__#...#+#######
.#.≈≈≈≈≈.....#...#__#...#....#.#.
.#.≈≈≈.......#)###__#...##.#..#.#
##...........#..:#__#...'##.#.#.#
.............#___#_.'...#.).#..#.
▓▓▓▓▓▓▓▓▓▓▓▓▓▓▓▓▓▓▓▓▓▓▓▓▓▓▓▓▓▓▓▓▓
{ { { { {


You could see a hill giant.

Vanquished Creatures
  A deep elf priest (D)
  A shadow (D)
  A spatial vortex (D)
  A necrophage (D)
  3 two-headed ogres (D)
  A water elemental (D)
  A jelly (D)
  A wizard (D)
  Jessica (D)
  A necromancer (D)
  3 humans (D)
  A kobold demonologist (D)
  An ooze (D)
  A phantom (D)
  2 rats (D)
20 creatures vanquished.

Vanquished Creatures (others)
  2 draconian scorchers (D)
  3 yaktaurs (D)
  An electric eel (D)
6 creatures vanquished.

Grand Total: 26 creatures vanquished

Notes
Turn   | Place    | Note
--------------------------------------------------------------
     0 | D        | Kidiri the Gargoyle Fighter began the quest for the Orb.
     0 | D        | Reached XP level 1. HP: 14/14 MP: 1/1
     7 | D        | Reached skill level 4 in Shields
    15 | D        | Noticed Jessica
    41 | D        | Killed Jessica
    41 | D        | Reached skill level 5 in Armour
    41 | D        | Reached skill level 1 in Dodging
    41 | D        | Reached skill level 5 in Shields
    41 | D        | Reached XP level 2. HP: 14/19 MP: 2/2
    41 | D        | Reached XP level 3. HP: 16/23 MP: 3/3
    68 | D        | Killed a yaktaur
   167 | D        | Killed a white draconian scorcher
   370 | D        | Killed a white draconian scorcher
   527 | D        | Killed a yaktaur
   647 | D        | Gained mutation: You have a pair of small antennae on your head. [potion of mutation]
   647 | D        | Gained mutation: Your spells are a little harder to cast, but a little more powerful. [potion of mutation]
   647 | D        | Gained mutation: You are clumsy. (Dex -2) [potion of mutation]
   648 | D        | Gained mutation: You are partially covered in molten scales (AC +1). [potion of mutation]
   649 | D        | Gained mutation: You tend to lose your temper in combat. [potion of mutation]
   649 | D        | Gained mutation: You have a somewhat thin skeletal structure (Dex +2, Stealth). [potion of mutation]
   693 | D        | Noticed a water elemental
   713 | D        | Killed a water elemental
   713 | D        | Reached skill level 6 in Armour
   713 | D        | Reached XP level 4. HP: 28/28 MP: 4/4
   828 | D        | Found an iron altar of Okawaru.
   828 | D        | Found a bloodstained altar of Trog.
   828 | D        | Noticed a human
   830 | D        | Noticed a human
   867 | D        | Killed a human
   867 | D        | Reached skill level 5 in Maces & Flails
   867 | D        | Reached skill level 8 in Armour
   867 | D        | Reached XP level 5. HP: 18/32 MP: 5/5
   881 | D        | Killed a human
   881 | D        | Reached skill level 9 in Armour
   881 | D        | Reached XP level 6. HP: 10/37 MP: 6/6
  1029 | D        | Killed an electric eel
  1122 | D        | Became a worshipper of Warmaster Okawaru
  1143 | D        | Found a glowing silver altar of Zin.
  1143 | D        | Found a glowing golden altar of the Shining One.
  1143 | D        | Found a white marble altar of Elyvilon.
  1144 | D        | Noticed a deep elf priest
  1154 | D        | Killed a deep elf priest
  1154 | D        | Acquired Okawaru's first power
  1154 | D        | Reached skill level 10 in Armour
  1154 | D        | Reached skill level 5 in Dodging
  1154 | D        | Reached skill level 10 in Shields
  1154 | D        | Reached XP level 7. HP: 6/41 MP: 7/7
  1489 | D        | Found a basalt altar of Yredelemnul.
  1489 | D        | Found a snail-covered altar of Cheibriados.
  1489 | D        | Found a blossoming altar of Fedhas.
  1489 | D        | Noticed a necrophage
  1489 | D        | Noticed a necromancer
  1504 | D        | Killed a necrophage
  1540 | D        | Killed a necromancer
  1641 | D        | Found a radiant altar of Vehumet.
  1641 | D        | Found a deep blue altar of Sif Muna.
  1641 | D        | Found an ancient bone altar of Kikubaaqudgha.
  1641 | D        | Noticed a wizard
  1643 | D        | Noticed a hellwing
  1645 | D        | Paralysed by a wizard for 3 turns
  1649 | D        | Killed a wizard
  1674 | D        | Killed a yaktaur
  1681 | D        | Noticed a jelly
  1682 | D        | Noticed a shadow
  1696 | D        | Killed a shadow
  1696 | D        | Reached skill level 11 in Armour
  1696 | D        | Reached skill level 1 in Invocations
  1696 | D        | Reached XP level 8. HP: 33/46 MP: 5/9
  1698 | D        | Killed a jelly
  1876 | D        | Found a stormy altar of Qazlal.
  1876 | D        | Found a sacrificial altar of Ru.
  1876 | D        | Found a burning altar of Makhleb.
  1876 | D        | Found a shimmering altar of Xom.
  1876 | D        | Noticed a spatial vortex
  1877 | D        | Found a viscous altar of Jiyva.
  1877 | D        | Found a shadowy altar of Dithmenos.
  1877 | D        | Found a sparkling altar of Nemelex Xobeh.
  1877 | D        | Found a corrupted altar of Lugonu.
  1877 | D        | Found an opulent altar of Gozag.
  1901 | D        | Killed a spatial vortex
  2058 | D        | Noticed a two-headed ogre
  2058 | D        | Noticed a two-headed ogre
  2067 | D        | Noticed a two-headed ogre
  2076 | D        | Killed a two-headed ogre
  2088 | D        | Killed a two-headed ogre
  2099 | D        | Killed a two-headed ogre
  2342 | D        | Noticed a hill giant
  2348 | D        | HP: 2/46 [hill giant/giant club (17)]
  2370 | D        | Demolished by a hill giant

Vault maps used:
D:        dungeon_sprint_mu

Action                   |  1- 3 |  4- 6 |  7- 9 || total
-------------------------+-------+-------+-------++-------
Melee: Flail             |    68 |    44 |   131 ||   243
Invok: Heroism           |       |       |     3 ||     3
  Use: Potion            |     5 |     2 |     2 ||     9
       Scroll            |       |     1 |       ||     1
  Eat: Bread ration      |       |     1 |       ||     1
       Chunk             |       |       |     2 ||     2
